 Dungeon Crawl Stone Soup version 0.25.1-2-g60ff931df9 (webtiles) character file.

Game seed: 800591016673896670

1316 Martska the Poker (level 8, -3/74 HPs)
             Began as a Naga Warper on Oct 10, 2020.
             Slain by a wight
             ... wielding a +4 morningstar
              (9 damage)
             ... on level 7 of the Dungeon on Oct 11, 2020.
             The game lasted 00:25:50 (6694 turns).

Martska the Poker (Naga Warper)                     Turns: 6694, Time: 00:25:51

Health: -3/74      AC:  8    Str: 15    XL:     8   Next: 59%
Magic:  20/20      EV:  6    Int: 14    God:
Gold:   339        SH:  7    Dex: 11    Spells: 9/11 levels left

rFire    . . .     SeeInvis +   a - +0 spear
rCold    . . .     Gourm    .   v - +0 kite shield
rNeg     . . .     Faith    .   b - +0 leather armour
rPois    +         Spirit   .   (no helmet)
rElec    .         Reflect  .   (no cloak)
rCorr    .         Harm     .   (no gloves)
MR       +....                  (no barding)
Stlth    +.........             w - amulet of regeneration
HPRegen  0.62/turn              h - ring of magical power
MPRegen  0.17/turn              r - +4 ring of protection

@: flying (expiring), very heavily drained, very slow
A: large, see invisible, deformed body, poison resistance, slowness 2, slow
metabolism 1, spit poison 1, AC +2
a: Spit Poison


You were on level 7 of the Dungeon.
You were not hungry.

You visited 2 branches of the dungeon, and saw 8 of its levels.

You collected 339 gold pieces.

Inventory:

Hand Weapons
 a - a +0 spear (weapon)
Armour
 b - a +0 leather armour (worn)
 d - a +1 ring mail of magic resistance
 v - a +0 kite shield (worn)
Jewellery
 h - a ring of magical power (left hand)
 r - a +4 ring of protection (right hand)
 w - an amulet of regeneration (around neck)
Wands
 z - a wand of iceblast (7)
Scrolls
 c - a scroll of random uselessness
 k - a scroll of fog {unknown}
 l - a scroll of enchant weapon {unknown}
 q - a scroll of enchant armour
 t - a scroll of fear {unknown}
 y - 2 scrolls of amnesia {unknown}
 B - 2 scrolls of identify
Potions
 i - 2 potions of magic
 m - a potion of stabbing {unknown}
 o - a potion of mutation
 p - a potion of invisibility {unknown}
 s - a potion of flight
 u - a potion of ambrosia {unknown}
 x - a potion of brilliance {unknown}
 C - a potion of curing {unknown}
 D - a potion of experience {unknown}
 E - a potion of cancellation {unknown}
Comestibles
 f - 6 rations


   Skills:
 * Level 5.2(1.6) Fighting
 * Level 5.2(1.6) Polearms
 - Level 0.8(0.0) Throwing
 + Level 2.8(0.0) Armour
 * Level 4.3(0.8) Dodging
 * Level 3.2(0.0) Shields
 - Level 2.0(0.0) Spellcasting
 - Level 3.0(0.0) Translocations


You had 9 spell levels left.
You knew the following spells:

 Your Spells              Type           Power        Failure   Level  Hunger
a - Blink                 Tloc           N/A          98%         2    ###....

Your spell library contained the following spells:

 Spells                   Type           Power        Failure   Level  Hunger
 Freeze                   Ice            #...         94%         1    ##.....
 Shroud of Golubria       Chrm/Tloc      #.....       98%         2    ###....
 Frozen Ramparts          Ice            #.....       100%        3    ####...
 Gell's Gravitas          Tloc           #.........   100%        3    ####...
 Lesser Beckoning         Tloc           #.........   100%        3    ####...
 Ozocubu's Armour         Chrm/Ice       #.......     100%        3    ####...
 Teleport Other           Tloc           #.......     100%        3    ####...
 Hailstorm                Conj/Ice       #.......     100%        4    #####..
 Passage of Golubria      Tloc           N/A          100%        4    #####..
 Summon Ice Beast         Ice/Summ       #.......     100%        4    #####..


Dungeon Overview and Level Annotations

Branches:
Dungeon (7/15)             Temple (1/1) D:5

Altars:
Ashenzari
Dithmenos
Elyvilon
Fedhas
Hepliaklqana
Kikubaaqudgha
Makhleb
Nemelex Xobeh
Okawaru
Qazlal
Ru
Sif Muna
Trog
Uskayaw
Vehumet
Wu Jian
Xom
Yredelemnul
Zin
The Shining One


Innate Abilities, Weirdness & Mutations

You cannot wear boots.
Your serpentine skin is tough. (AC +2)
You have supernaturally acute eyesight. (SInv)
Armour fits poorly on your strangely shaped body.
Your system is resistant to poisons. (rPois)
You cover ground very slowly.
You have a slow metabolism.
You can spit poison.


Message History

You fly downwards.
You are starting to lose your buoyancy.
There is a stone staircase leading up here.
As you read the scroll labeled ZUEDIH RACKAGO, it crumbles to dust.
It is a scroll of enchant armour.
Your +0 ring mail of magic resistance glows green for a moment.
The wight hits you but does no damage. The wight barely misses you.
As you read the scroll labeled GICLEW LUPAHO, it crumbles to dust.
You feel blessed for a moment.
It was a scroll of remove curse.
The wight hits you with a cursed +0 dire flail.
The wight barely misses you.
As you read the scroll labeled OPSOOH XINGUNY, it crumbles to dust.
The creatures around you are filled with an inner flame!
It was a scroll of immolation.
The wight hits you with a cursed +0 dire flail!
* * * LOW HITPOINT WARNING * * *
You feel drained.
* * * LOW HITPOINT WARNING * * *
The wight hits you with a +4 morningstar!
You die... ###########.# #...z@z.....# #.###########

You could see 2 wights.

Vanquished Creatures
  The ghost of haesbaert the Stinger, an amateur DsVM of Sif Muna (D:4)
  Menkaure (D:5)
  2 sky beasts (D:5)
  2 centaurs
  2 bullfrogs (D:6)
  3 scorpions (D:6)
  2 orc wizards (D:4)
  An iguana (D:4)
  3 worker ants (D:4)
  A hound zombie (D:5)
  6 gnolls
  A howler monkey skeleton (D:4)
  12 adders
  2 dart slugs
  A worm (D:2)
  4 leopard geckos
  14 orcs
  9 bats
  9 giant cockroaches
  8 goblins
  4 hobgoblins
  6 jackals
  10 kobolds
  3 quokkas
  A ball python (D:4)
  8 frilled lizards
  A giant cockroach zombie (D:6)
  A quokka skeleton (D:4)
  7 rats
125 creatures vanquished.

Notes
Turn   | Place    | Note
-------+----------+-------------------------------------------
     0 | D:1      | Martska the Naga Warper began the quest for the Orb.
     0 | D:1      | Reached XP level 1. HP: 19/19 MP: 3/3
   305 | D:1      | Reached XP level 2. HP: 26/26 MP: 5/5
   391 | D:1      | Reached skill level 1 in Armour
   886 | D:1      | Found a sparkling altar of Nemelex Xobeh.
   905 | D:1      | Learned a level 2 spell: Blink
   941 | D:2      | Reached XP level 3. HP: 23/33 MP: 6/6
  1107 | D:2      | Found a shattered altar of Ashenzari.
  1125 | D:2      | Found a radiant altar of Vehumet.
  1128 | D:2      | Found a stormy altar of Qazlal.
  1131 | D:2      | Found a hazy altar of Hepliaklqana.
  1271 | D:2      | Reached XP level 4. HP: 9/40 MP: 7/7
  2275 | D:3      | Reached XP level 5. HP: 40/49 MP: 8/8
  3088 | D:4      | Noticed an ogre
  3372 | D:4      | Found a runed translucent door.
  3452 | D:4      | Noticed haesbaert's ghost (amateur DsVM)
  3591 | D:4      | Killed haesbaert's ghost
  3591 | D:4      | Reached skill level 1 in Shields
  3591 | D:4      | Reached XP level 6. HP: 31/57 MP: 9/9
  3993 | D:4      | Reached XP level 7. HP: 52/63 MP: 10/10
  4544 | D:5      | Entered Level 5 of the Dungeon
  4648 | D:5      | Noticed Menkaure
  4650 | D:5      | Found a staircase to the Ecumenical Temple.
  4753 | Temple   | Entered the Ecumenical Temple
  4815 | D:5      | Killed Menkaure
  4956 | D:5      | Found an ornate altar of the Wu Jian Council.
  5127 | D:5      | Reached XP level 8. HP: 58/73 MP: 11/11
  5211 | D:5      | Found a basalt altar of Yredelemnul.
  5832 | D:5      | You fall into a shaft and drop 1 floor!
  6306 | D:6      | HP: 1/73 [orc warrior/+0 dire flail (25)]
  6338 | D:6      | Reached skill level 5 in Fighting
  6338 | D:6      | Reached skill level 5 in Polearms
  6671 | D:6      | HP: 3/74 [wight/+4 morningstar (7)]
  6671 | D:6      | HP: 1/74 [wight/+4 morningstar (2)]
  6694 | D:7      | Slain by a wight

Illustrated notes

Levels and vault maps discovered:
D:1:      dpeg_arrival_lava_altar, layout_rooms
D:2:      layout_basic, grunt_temple_overflow_cloverleaf
D:3:      layout_rooms
D:4:      layout_loops_cross, ebering_ghost_sewer_d
D:5:      layout_loops_ring, yredelemnul_altar_generic, lemuel_doored_altar,
          minmay_temple_entry_waves, first_ration, uniq_menkaure
D:6:      cheibrodos_helix_gallery, layout_layer_cave, serial_shops, shop
D:7:      layout_loops_ring, basic_altar
Temple:   eino_temple_lava

Skill      XL: |  1  2  3  4  5  6  7  8 |
---------------+-------------------------+-----
Armour         | 1 2 |  2.8
Dodging        | 2 3 4 |  4.3
Polearms       | 3 4 5 |  5.2
Fighting       | 3 4 5 |  5.2
Shields        | 1 2 3 |  3.2
Throwing       | |  0.8
Spellcasting   | |  2.0
Translocations | |  3.0

Action                   |  1- 3 |  4- 6 |  7- 9 || total
-------------------------+-------+-------+-------++-------
Melee: Spear             |   116 |   418 |   577 ||  1111
Throw: Boomerang         |     4 |       |     2 ||     6
 Abil: Spit Poison       |     2 |    16 |    16 ||    34
Evoke: Wand              |       |       |     3 ||     3
  Use: Scroll            |     1 |     3 |     9 ||    13
       Potion            |       |       |     3 ||     3
 Stab: Sleeping          |       |     2 |     1 ||     3
  Eat: Chunk             |       |     9 |     1 ||    10
       Ration            |       |       |     3 ||     3
Armor: Leather armour    |    18 |   193 |   177 ||   388
Dodge: Dodged            |    55 |   192 |   154 ||   401
Block: Kite shield       |       |   111 |   201 ||   312
